 Dungeon Crawl Stone Soup version 0.28.0 (webtiles) character file.

Game seed: 9286243147304210049

981 BALLS the Slasher (level 8, -6/43 HPs)
             Began as a Vine Stalker Fighter on Feb 3, 2022.
             Mangled by a vampire mosquito (10 damage)
             ... on level 5 of the Dungeon on Feb 4, 2022.
             The game lasted 00:08:37 (3607 turns).

BALLS the Slasher (Vine Stalker Fighter)            Turns: 3607, Time: 00:08:38

Health: -6/43      AC:  7    Str: 22    XL:     8   Next: 17%
Magic:  0/9        EV:  9    Int:  8    God:
Gold:   141        SH:  5    Dex: 13    Spells: 7/7 levels left

rFire   . . .      SeeInvis .   a - +0 long sword
rCold   . . .      Faith    .   c - +0 buckler
rNeg    + . .      Spirit   +   b - +0 scale mail
rPois   .          Reflect  .   o - +0 helmet
rElec   .          Harm     .   (no cloak)
rCorr   .          Rampage  .   (no gloves)
Will    ++++.      Clarity  +   (no boots)
Stlth   ..........              n - amulet of the Four Winds {rN+ Will+++ Clar}
HPRegen 0.94/turn               (no ring)
MPRegen 0.11/turn               (no ring)

@: mighty
A: fangs 3, regeneration 1, magic shield, antimagic bite, no potion heal 2
a: no special abilities


You were on level 5 of the Dungeon.
You visited 1 branch of the dungeon, and saw 5 of its levels.

You collected 169 gold pieces.
You spent 28 gold pieces at shops.

Inventory:

Hand Weapons
 a - a +0 long sword (weapon)
 i - a +2 short sword of venom
Armour
 b - a +0 scale mail (worn)
 c - a +0 buckler (worn)
 o - a +0 helmet (worn)
Jewellery
 n - the amulet of the Four Winds (around neck) {rN+ Will+++ Clar}
   (You took it off a hobgoblin on level 4 of the Dungeon)

   [amulet of nothing]

   rN:        It protects you from negative energy.
   Clar:      It protects you against confusion.
   Will:      It greatly increases your willpower.
 p - an amulet of reflection
Wands
 g - a wand of acid (5)
Scrolls
 e - 4 scrolls of teleportation
 f - a scroll of fear
 h - 2 scrolls of enchant weapon
 l - a scroll of blinking {unknown}
Potions
 d - 2 potions of heal wounds
 j - 3 potions of curing
 m - a potion of resistance {unknown}
 q - a potion of ambrosia {unknown}


   Skills:
 - Level 5.0 Fighting
 - Level 7.0 Long Blades
 - Level 2.4 Armour
 + Level 3.7 Shields


You had 7 spell levels left.
You didn't know any spells.
Your spell library contained the following spells:

 Spells                   Type           Power      Damage    Failure   Level
 Confusing Touch          Hex            0%         N/A       99%         3
 Blade Hands              Tmut           0%         N/A       100%        5
 Irradiate                Conj/Tmut      0%         3d13      100%        5
 Yara's Violent Unravell  Hex/Tmut       0%         3d3       100%        5
 Dragon Form              Tmut           0%         N/A       100%        7
 Enfeeble                 Hex            0%         N/A       100%        7


Dungeon Overview and Level Annotations

Branches:
Dungeon (5/15)
 Temple: D:4-7

Altars:
Cheibriados
Vehumet

Shops:
D:4 *


Innate Abilities, Weirdness & Mutations

You have razor-sharp teeth.
Your natural rate of healing is unusually fast.
When hurt, damage is shared between your health and your magic reserves.
Your bite disrupts and absorbs the magic of your enemies.
Potions cannot restore your health.


Message History

The vampire mosquito bites you!
The vampire mosquito draws strength from your injuries!
The vampire mosquito closely misses you.
You closely miss the vampire mosquito.
The vampire mosquito is heavily damaged.
The vampire mosquito bites you!
The vampire mosquito draws strength from your injuries!
The vampire mosquito bites you!
The vampire mosquito draws strength from your injuries!
You closely miss the vampire mosquito. Your bite misses the vampire mosquito.
The vampire mosquito is heavily damaged.
You block the vampire mosquito's attack.
The vampire mosquito completely misses you.
You hit the vampire mosquito. You bite the vampire mosquito.
You drain its power.
You feel invigorated.
The vampire mosquito is almost destroyed.
The vampire mosquito bites you.
* * * LOW HITPOINT WARNING * * *
The vampire mosquito draws strength from your injuries!
The vampire mosquito bites you but does no damage.
You barely miss the vampire mosquito.
The vampire mosquito is severely damaged.
The vampire mosquito bites you.
* * * LOW HITPOINT WARNING * * *
The vampire mosquito bites you but does no damage.
You feel very mighty all of a sudden. The vampire mosquito bites you.
* * * LOW HITPOINT WARNING * * *
The vampire mosquito bites you but does no damage.
You closely miss the vampire mosquito. You bite the vampire mosquito!
You destroy the vampire mosquito!
The vampire mosquito bites you!
* * * LOW HITPOINT WARNING * * *
The vampire mosquito draws strength from your injuries!
Your Shields skill increases to level 3!
You slash the vampire mosquito!
The vampire mosquito is heavily damaged.
You block the vampire mosquito's attack.
The vampire mosquito bites you!
You die...

##.###.##.###[###..
#......##..# ## #.
#..#######.# #..#
#.# #..# #.# #..#
#.# #..# #.# #..#
#.# ##@# #.# #y#
#.# #.# ... $#. ..
.. .. .. .#. ...


You could see a vampire mosquito.

Vanquished Creatures
  Sigmund (D:3)
  A vampire mosquito (D:5)
  2 ogres
  2 centaurs
  A howler monkey (D:4)
  A hound (D:5)
  A gnoll shaman (D:4)
  Jessica (D:3)
  A bullfrog skeleton (D:5)
  A hound skeleton (D:4)
  7 adders
  4 gnolls (D:4)
  3 adder skeletons (D:4)
  2 worms
  3 dart slugs
  9 orcs
  9 ball pythons
  4 bats
  7 endoplasms
  6 giant cockroaches
  4 hobgoblins
  3 jackals (D:4)
  6 quokkas
  2 frilled lizards
  5 goblins
  4 kobolds
  7 rats
97 creatures vanquished.

Notes
Turn   | Place    | Note
-------+----------+-------------------------------------------
     0 | D:1      | BALLS the Vine Stalker Fighter began the quest for the Orb.
     0 | D:1      | Reached XP level 1. HP: 11/11 MP: 2/2
    14 | D:1      | Reached skill level 2 in Long Blades
   215 | D:1      | Found a faded altar of an unknown god.
   232 | D:1      | Reached XP level 2. HP: 13/16 MP: 1/3
   695 | D:1      | Reached skill level 3 in Long Blades
   863 | D:1      | Reached XP level 3. HP: 19/19 MP: 4/4
  1066 | D:2      | Gained mutation: Your natural rate of healing is unusually
                  | fast. [Vine Stalker growth]
  1066 | D:2      | Reached XP level 4. HP: 23/23 MP: 3/5
  1124 | D:2      | Reached skill level 4 in Long Blades
  1590 | D:3      | Noticed Sigmund
  1675 | D:3      | Found a radiant altar of Vehumet.
  1729 | D:3      | Killed Sigmund
  1730 | D:3      | Reached skill level 5 in Long Blades
  1730 | D:3      | Reached XP level 5. HP: 19/27 MP: 2/6
  1730 | D:3      | Reached XP level 6. HP: 22/32 MP: 2/7
  1941 | D:3      | Noticed Jessica
  1950 | D:3      | Killed Jessica
  1951 | D:3      | Reached skill level 6 in Long Blades
  2482 | D:4      | Reached XP level 7. HP: 32/35 MP: 6/8
  2518 | D:4      | Identified the +2 robe "Yfevoamu" {Contam Fly rCorr SInv}
  2623 | D:4      | Reached skill level 7 in Long Blades
  3094 | D:4      | Found Gisoty's General Store.
  3097 | D:4      | Bought a scroll of identify for 28 gold pieces
  3264 | D:5      | Entered Level 5 of the Dungeon
  3418 | D:5      | Found a snail-covered altar of Cheibriados.
  3578 | D:5      | Reached skill level 5 in Fighting
  3578 | D:5      | Gained mutation: You have razor-sharp teeth. [Vine Stalker
                  | growth]
  3578 | D:5      | Reached XP level 8. HP: 43/43 MP: 9/9
  3607 | D:5      | Mangled by a vampire mosquito

Illustrated notes

Levels and vault maps discovered:
D:1:      dpeg_arrival_tiny_a, layout_basic,
          shapermc_ecumenical_altar_starsandcircs, grunt_decor_arrowhead,
          kennysheep_another_room
D:2:      layout_basic
D:3:      layout_rooms, mainiacjoe_overflow_brackets, uniq_jessica, uniq_sigmund
D:4:      layout_layer_cave, serial_shops, kennysheep_mini_moat
D:5:      gammafunk_steamed_eel, layout_loops_ring,
          mainiacjoe_overflow_tiny_flanked, minmay_temple_entry_from_below_b,
          bh_walls_and_bars

Skill      XL: |  1  2  3  4  5  6  7  8 |
---------------+-------------------------+-----
Long Blades    | 2 3 5 6 7 |  7.0
Fighting       | 5 |  5.0
Shields        | 3 |  3.7
Armour         | |  2.4

Action                   |  1- 3 |  4- 6 |  7- 9 || total
-------------------------+-------+-------+-------++-------
Melee: Long sword        |    90 |   121 |    95 ||   306
       Bite              |    16 |    25 |    25 ||    66
       Short sword       |       |       |     8 ||     8
  Use: Potion            |       |     1 |     1 ||     2
       Scroll            |       |     5 |     1 ||     6
Armor: Scale mail        |    43 |    42 |    39 ||   124
Dodge: Dodged            |    54 |    53 |    47 ||   154
Block: Buckler           |    25 |    16 |    30 ||    71
